 Dungeon Crawl Stone Soup version 0.29.1-1-gd02db6906a (webtiles) character file.

Game seed: 10795150806823548837

620 brightshaft the Shooter (level 7, -1/42 HPs)
             Began as a Tengu Hunter on Sept 25, 2022.
             Slain by Duvessa
             ... wielding a +1 short sword of protection
              (5 damage)
             ... on level 5 of the Dungeon.
             The game lasted 00:06:23 (2785 turns).

brightshaft the Shooter (Tengu Hunter)              Turns: 2785, Time: 00:06:24

Health: -1/42      AC: 10    Str: 17    XL:     7   Next: 46%
Magic:  8/8        EV: 19    Int: 10    God:
Gold:   269        SH:  0    Dex: 19    Spells: 6/6 levels left

rFire   . . .      SeeInvis .   a - +0 shortbow
rCold   . . .      Faith    .   (shield currently unavailable)
rNeg    . . .      Spirit   .   t - +3 ring mail "Rustai" {+Blink}
rPois   .          Reflect  .   (helmet restricted)
rElec   .          Harm     .   v - +1 cloak
rCorr   .          Rampage  .   (no gloves)
Will    .....                   (boots unavailable)
Stlth   ++........              (no amulet)
HPRegen 0.14/turn               w - +4 ring of evasion
MPRegen 0.11/turn               r - +6 ring of strength

@: flying quickly and evasively, hasted, very quick
A: beak, talons 3, nimble flight
a: Evoke Blink


You were on level 5 of the Dungeon.
You visited 1 branch of the dungeon, and saw 5 of its levels.

You collected 269 gold pieces.

Inventory:

Hand Weapons
 a - a +0 shortbow (weapon)
Armour
 c - a +0 leather armour
 e - a +0 chain mail
 t - the +3 ring mail "Rustai" (worn) {+Blink}
   (You found it on level 2 of the Dungeon)

   +Blink:    It lets you blink.
 v - a +1 cloak (worn)
Jewellery
 i - a ring of protection from cold
 r - a +6 ring of strength (right hand)
 w - a +4 ring of evasion (left hand)
Scrolls
 b - 2 scrolls of immolation
 h - a scroll of teleportation
 j - a scroll of identify
 p - a scroll of poison
Potions
 d - a potion of might
 f - 2 potions of berserk rage
 g - 2 potions of flight
 k - a potion of invisibility {unknown}
 l - a potion of haste
 m - a potion of lignification {unknown}
 o - a potion of heal wounds {unknown}
 q - 3 potions of attraction
 u - 2 potions of curing {unknown}
 x - a potion of mutation {unknown}


   Skills:
 + Level 3.6 Fighting
 * Level 6.7 Ranged Weapons
 + Level 2.6 Armour
 + Level 4.1 Dodging
 - Level 1.9 Stealth
 + Level 2.4 Evocations


You had 6 spell levels left.
You didn't know any spells.
Your spell library contained the following spells:

 Spells                   Type           Power      Damage    Failure   Level
 Ensorcelled Hibernation  Hex/Ice        0%         N/A       71%         2
 Passwall                 Tmut/Erth      0%         N/A       71%         2
 Confusing Touch          Hex            0%         N/A       90%         3
 Swiftness                Air            0%         N/A       90%         3
 Yara's Violent Unravell  Hex/Tmut       0%         3d3       100%        5
 Enfeeble                 Hex            0%         N/A       100%        7


Dungeon Overview and Level Annotations

Branches:
Dungeon (5/15)
 Temple: D:4-7

Altars:
Sif Muna
Yredelemnul

Shops:
D:2 (   D:4 [

Annotations:
D:5 Dowan, Duvessa, Menkaure


Innate Abilities, Weirdness & Mutations

You have a beak for a mouth.
You have claws for feet.
Your magical nature lets you fly swiftly and evasively.


Message History

Duvessa hits you with a +1 short sword of protection.
Dowan mumbles some strange words.
Dowan blinks!
Duvessa hits you but does no damage.
You shoot an arrow.
The arrow hits Duvessa but does no damage.
Duvessa is severely wounded.
Duvessa hits you with a +1 short sword of protection!
Duvessa misses you.
You are too injured to fight recklessly!
You are too injured to fight recklessly!
You are too injured to fight recklessly!
You are too injured to fight recklessly!
Fire: a) +0 shortbow
Press: ? - help, Q - select action, (/) - cycle Shift-Dir - straight line, f/p - Duvessa
Aim: Duvessa, wielding a +1 short sword of protection and wearing a +0 leather armour (severely wounded, fast, 69% to hit)
You shoot an arrow.
The arrow hits Duvessa but does no damage.
Duvessa is severely wounded.
Duvessa closely misses you. Duvessa completely misses you.
Fire: a) +0 shortbow
Press: ? - help, Q - select action, (/) - cycle Shift-Dir - straight line, f/p - Duvessa
Aim: Duvessa, wielding a +1 short sword of protection and wearing a +0 leather armour (severely wounded, fast, 69% to hit)
You shoot an arrow. The arrow closely misses Duvessa.
The arrow closely misses Dowan.
Duvessa hits you with a +1 short sword of protection.
* * * LOW HITPOINT WARNING * * *
Duvessa hits you with a +1 short sword of protection.
* * * LOW HITPOINT WARNING * * *
Unknown command.
You reach down and open the door.
Menkaure and an iguana come into view.
Menkaure shouts!
Duvessa hits you with a +1 short sword of protection.
* * * LOW HITPOINT WARNING * * *
Duvessa closely misses you.
Dowan gestures wildly while chanting.
Dowan blinks!
You feel yourself speed up.
Duvessa hits you with a +1 short sword of protection.
You die...

#....# . #.....#
####....####.........####...#.#
..............M...............#
##.#.....###.........####...#.###
#.#.#.#.# ....... #........
#.#.###.# ..l.. ###...... #.#..
.# ... #.†..### #.##. #.#######'#
#..### #.# .##.#.....#@# #..# #.#
.##.#.....#e# #..##### #..
.........#§## #.......
###........#### #.######
#...........#####.#
###.#...e.........#
#.#.#.###.####### #.#.#.# #.#
#.....# #.#


You could see Duvessa (fast), Menkaure, Dowan and an iguana (wandering).

Vanquished Creatures
  A black bear (D:5)
  Blork the orc (D:4)
  2 necrophages (D:5)
  A jelly (D:5)
  2 hounds (D:5)
  A gnoll bouda (D:5)
  An iguana (D:5)
  5 gnolls (D:5)
  4 adders
  3 dart slugs
  2 orcs
  8 ball pythons
  10 endoplasms
  7 giant cockroaches
  8 goblins
  7 hobgoblins
  A quokka (D:2)
  6 bats
  A frilled lizard (D:1)
  5 kobolds
  7 rats
83 creatures vanquished.

Notes
Turn   | Place    | Note
-------+----------+-------------------------------------------
     0 | D:1      | brightshaft the Tengu Hunter began the quest for the Orb.
     0 | D:1      | Reached XP level 1. HP: 12/12 MP: 2/2
    52 | D:1      | Reached XP level 2. HP: 17/17 MP: 3/3
   319 | D:1      | Reached XP level 3. HP: 21/21 MP: 4/4
   791 | D:2      | Identified the +3 ring mail "Rustai" {+Blink}
   855 | D:2      | Reached skill level 5 in Ranged Weapons
  1060 | D:2      | Reached XP level 4. HP: 27/27 MP: 5/5
  1105 | D:2      | Found Zaewnid's Antique Weapon Emporium.
  1209 | D:2      | Found a basalt altar of Yredelemnul.
  1698 | D:3      | Found a shimmering blue altar of Sif Muna.
  1859 | D:3      | Gained mutation: Your magical nature lets you fly swiftly
                  | and evasively. [Tengu growth]
  1859 | D:3      | Reached XP level 5. HP: 31/31 MP: 6/6
  2051 | D:4      | Noticed Blork the orc
  2057 | D:4      | Killed Blork the orc
  2058 | D:4      | Reached skill level 1 in Armour
  2058 | D:4      | Reached skill level 1 in Evocations
  2151 | D:4      | Noticed an ogre
  2167 | D:4      | Found Usipnin's Antique Armour Boutique.
  2184 | D:4      | Noticed an ogre
  2194 | D:5      | Entered Level 5 of the Dungeon
  2245 | D:5      | Reached XP level 6. HP: 27/37 MP: 7/7
  2257 | D:5      | Reached skill level 6 in Ranged Weapons
  2422 | D:5      | Noticed a black bear
  2433 | D:5      | Killed a black bear
  2445 | D:5      | Reached XP level 7. HP: 29/41 MP: 8/8
  2749 | D:5      | Noticed Duvessa
  2751 | D:5      | Noticed Dowan
  2784 | D:5      | Noticed Menkaure
  2785 | D:5      | Slain by Duvessa

Illustrated notes

Levels and vault maps discovered:
D:1:      minmay_arrival_three_doors, layout_basic
D:2:      minmay_wonky_spiral, layout_loops_corners, serial_shops,
          nicolae_shop_hallway_stairs, basic_altar, chequers_garden,
          st_stairs_11
D:3:      layout_rooms, mainiacjoe_overflow_catwalk
D:4:      layout_basic, minmay_temple_entry_statues_pillars,
          gammafunk_ghost_necromancy, serial_shops, shop, uniq_blork_the_orc
D:5:      layout_loops_corners, zin_statuary, enter_ossuary_4,
          minmay_shop_grid_forest, uniq_duvessa, uniq_menkaure

Skill      XL: |  1  2  3  4  5  6  7 |
---------------+----------------------+-----
Ranged Weapons | 5 6 |  6.7
Dodging        | 3 4 |  4.1
Armour         | 1 2 |  2.6
Evocations     | 1 2 |  2.4
Fighting       | 3 |  3.6
Stealth        | |  1.9

Action                   |  1- 3 |  4- 6 |  7- 9 || total
-------------------------+-------+-------+-------++-------
 Fire: Shortbow          |    90 |   118 |    54 ||   262
  Use: Scroll            |       |     9 |       ||     9
       Potion            |       |       |     1 ||     1
Armor: Leather armour    |     8 |       |       ||     8
       Ring mail         |       |    27 |    10 ||    37
Dodge: Dodged            |    12 |    68 |    41 ||   121
